AoeStats
← Chigüiro

Arena

509239611Analyzed
4v4 RM · 6d ago on Sep 26, 2026· 36m 9s· 8 players
Game mode
Random Map
Map size
Large (8 player)
Population
200
Speed
Normal
Resources
Standard
Victory
Conquest
Starting age
Dark Age
Ending age
Imperial Age
RankedLock teamsTeams togetherTeam positionsShared explorationLock speedFull tech treeHidden civsTurbo modeCheats
Victory
Defeat
🇨🇳 Hindustanis · China
1674
+9
🇨🇴 Magyars · Colombia
1647
+10
🇨🇴 Cumans · Colombia
1512
+15
🇭🇰 Aztecs · Hong Kong SAR China
1446
+17
🇦🇷 Huns · Argentina
1529
-14
🇦🇷 Khmer · Argentina
1492
-13
🇦🇷 Teutons · Argentina
1479
-12
🇦🇷 Shu · Argentina
1470
-12
Ds3.Anakin
10:38 Feudal Age
14:14 Castle Age
12:06 Double-Bit Axe
12:06 Horse Collar
15:39 Bow Saw
19:41 Heavy Plow
19:28 Loom
20:50 Wheelbarrow
21:53 Hand Cart
22:07 Gold Mining
23:44 Gold Shaft Mining
24:16 Fletching
24:26 Padded Archer Armor
27:26 Imperial Age
25:13 Bodkin Arrow
25:15 Crossbowman
25:54 Stone Mining
27:16 Leather Archer Armor
27:43 Thumb Ring
28:01 Arbalester
28:43 Bracer
29:45 Chemistry
30:04 Ring Archer Armor
29:56 Ballistics
29:47 Town Watch
30:32 Conscription
31:47 Bolt Magazine
32:11 Pikeman
35:02 Scale Mail Armor
35:13 Forging
36:17 Chain Mail Armor
Ds3.TheRazor
10:32 Feudal Age
13:13 Castle Age
13:21 Loom
14:48 Double-Bit Axe
17:18 Horse Collar
22:29 Bow Saw
23:27 Wheelbarrow
23:07 Heavy Plow
24:13 Gold Mining
28:17 Imperial Age
26:13 Fletching
26:19 Crossbowman
27:23 Hand Cart
27:39 Bodkin Arrow
29:05 Ballistics
29:41 Conscription
31:40 Arbalester
Ds3.SoLid
12:39 Feudal Age
14:34 Double-Bit Axe
14:36 Horse Collar
17:15 Castle Age
15:55 Gold Mining
17:29 Bloodlines
18:24 Husbandry
19:13 Scale Barding Armor
20:37 Wheelbarrow
20:13 Bow Saw
23:18 Chain Barding Armor
25:41 Hand Cart
28:43 Heavy Plow
29:11 Loom
32:29 Imperial Age
31:16 Chain Barding Armor
33:55 Plate Barding Armor
32:46 Cavalier
34:08 Devotion
34:41 Paladin
Dylan L
5:53 Loom
8:25 Feudal Age
15:26 Horse Collar
15:36 Double-Bit Axe
25:13 Castle Age
26:12 Bow Saw
26:13 Heavy Plow
28:34 Wheelbarrow
31:28 Pikeman
32:35 Scale Mail Armor
32:18 Pikeman
36:01 Imperial Age
34:18 Chain Mail Armor
35:18 Forging
34:34 Man-at-Arms
36:47 Iron Casting
FMG | KauTrEnS
8:40 Loom
10:32 Feudal Age
15:59 Castle Age
15:11 Double-Bit Axe
24:38 Horse Collar
25:57 Heavy Plow
26:51 Bow Saw
27:52 Wheelbarrow
29:34 Hand Cart
32:58 Imperial Age
30:30 Fletching
30:54 Gold Mining
30:54 Stone Mining
31:51 Masonry
31:46 Bodkin Arrow
31:52 Padded Archer Armor
32:39 Ballistics
32:42 Bloodlines
32:33 Husbandry
32:16 Elite Skirmisher
33:26 Thumb Ring
33:42 Bracer
35:23 Chemistry
34:48 Heavy Cavalry Archer
36:30 Parthian Tactics
36:33 Conscription
36:36 Recurve Bow
Chigüiro
8:54 Feudal Age
10:12 Double-Bit Axe
11:36 Horse Collar
20:32 Castle Age
19:03 Scale Barding Armor
20:36 Bloodlines
20:50 Gold Mining
22:18 Chain Barding Armor
25:08 Forging
25:04 Capped Ram
26:33 Heavy Plow
27:18 Wheelbarrow
31:50 Imperial Age
33:41 Elite Steppe Lancer
33:58 Cavalier
35:41 Plate Barding Armor
35:41 Hand Cart
35:12 Loom
35:51 Conscription
36:42 Iron Casting
YYQ
9:55 Feudal Age
13:51 Castle Age
11:37 Double-Bit Axe
12:03 Horse Collar
15:18 Bow Saw
20:47 Wheelbarrow
21:04 Heavy Plow
26:39 Imperial Age
23:56 Loom
24:24 Gold Mining
25:08 Hand Cart
25:06 Scale Barding Armor
24:53 Town Watch
25:47 Forging
26:11 Chain Barding Armor
26:28 Gold Shaft Mining
25:46 Stone Mining
26:34 Gold Shaft Mining
26:52 Bloodlines
26:45 Husbandry
27:32 Iron Casting
27:02 Grand Trunk Road
26:41 Light Cavalry
27:43 Conscription
28:24 Two-Man Saw
28:08 Coinage
28:21 Plate Barding Armor
29:30 Chemistry
28:20 Heavy Camel Rider
30:08 Blast Furnace
29:35 Scale Mail Armor
29:17 Elite Ghulam
30:10 Squires
29:56 Arson
31:02 Chain Mail Armor
32:09 Blast Furnace
31:50 Stone Shaft Mining
31:52 Siege Engineers
32:10 Imperial Camel Rider
35:31 Fletching
35:41 Padded Archer Armor
35:39 Siege Elephant
Freegan
3:55 Loom
11:15 Feudal Age
15:29 Castle Age
13:37 Horse Collar
13:52 Double-Bit Axe
14:39 Forging
14:32 Gold Mining
25:15 Wheelbarrow
29:45 Pikeman
32:17 Squires
32:48 Arson
33:16 Forging
33:06 Scale Mail Armor
35:39 Hand Cart
35:35 Bow Saw
36:05 Stone Mining
36:51 Gold Shaft Mining
36:35 Redemption
37:13 Iron Casting
Connection lost

Rejoining the realm…

Still unreachable

The connection could not be restored.

Session expired

The server has moved on; the page needs a fresh start.